 Dungeon Crawl Stone Soup version 0.29-a0-575-g0dc89cf (webtiles) character file.

Game seed: 10305343950032034682

8 BingusPrime the Grasshopper (level 2, -1/25 HPs)
             Began as a Ghoul Warper on June 12, 2022.
             Slain by a gnoll
             ... wielding a +0 club
              (2 damage)
             ... on level 1 of the Dungeon.
             The game lasted 00:01:14 (552 turns).

BingusPrime the Grasshopper (Ghoul Warper)           Turns: 552, Time: 00:01:15

Health: -1/25      AC:  3    Str: 14    XL:     2   Next: 8%
Magic:  3/3        EV: 11    Int:  8    God:
Gold:   63         SH:  0    Dex:  8    Spells: 4/4 levels left

rFire   . . .      SeeInvis .   a - +0 falchion
rCold   + . .      Faith    .   (no shield)
rNeg    + + +      Spirit   .   b - +0 leather armour
rPois   ∞          Reflect  .   (no helmet)
rElec   .          Harm     .   (no cloak)
rCorr   .          Rampage  .   (no gloves)
Will    .....                   (no boots)
Stlth   +.........              (no amulet)
HPRegen 0.00/turn               (no ring)
MPRegen 0.08/turn               (no ring)

@: brilliant, inhibited regen
A: claws 1, cold resistance 1, negative energy resistance 3, inhibited
regeneration, torment resistance 2, devour on kill
a: no special abilities


You were on level 1 of the Dungeon.
You visited 1 branch of the dungeon, and saw 1 of its levels.

You collected 63 gold pieces.

Inventory:

Hand Weapons
 a - a +0 falchion (weapon)
Missiles
 d - 7 boomerangs of dispersal (quivered)
Armour
 b - a +0 leather armour (worn)
Scrolls
 c - a scroll of blinking


   Skills:
 * Level 2.3 Fighting
 + Level 1.8 Long Blades
 + Level 1.0 Throwing
 + Level 1.0 Armour
 + Level 1.8 Dodging
 * Level 1.9 Spellcasting
 + Level 2.7 Translocations


You had 4 spell levels left.
You didn't know any spells.
Your spell library contained the following spells:

 Spells                   Type           Power      Damage    Failure   Level
 Blink                    Tloc           14%        N/A       22%         2
 Gell's Gravitas          Tloc           7%         N/A       41%         3
 Lesser Beckoning         Tloc           7%         N/A       41%         3
 Teleport Other           Tloc           7%         N/A       41%         3
 Manifold Assault         Tloc           7%         N/A       99%         5


Dungeon Overview and Level Annotations

Branches:
Dungeon (1/15)

Altars:


Innate Abilities, Weirdness & Mutations

You are immune to poison.
You have sharp fingernails.
Your flesh is cold resistant. (rC+)
You are immune to negative energy. (rN+++)
You do not regenerate when monsters are visible.
You are immune to unholy pain and torment.
You thrive by killing the living.


Message History

The gnoll hits you but does no damage.
You barely miss the gnoll. The gnoll misses you.
You hit the gnoll.
The gnoll is moderately wounded.
The gnoll hits you with a +0 club.
You hit the gnoll.
The gnoll is heavily wounded.
The gnoll hits you with a +0 club.
* * * LOW HITPOINT WARNING * * *
The gnoll hits you with a +0 club.
* * * LOW HITPOINT WARNING * * *
It was a potion of curing.
You feel better. The gnoll barely misses you.
You barely miss the gnoll.
The gnoll is heavily wounded.
The gnoll hits you with a +0 club.
* * * LOW HITPOINT WARNING * * *
You barely miss the gnoll.
The gnoll is heavily wounded.
The gnoll hits you with a +0 club.
* * * LOW HITPOINT WARNING * * *
It was a potion of brilliance.
You feel clever all of a sudden. The gnoll misses you.
Blink to where?
Press: ? - help, Dir - move target
As you read the scroll of blinking, it crumbles to dust.
There is an open door here.
As you read the scroll labelled ZOFUSA UCYIP, it crumbles to dust.
You feel aware of your surroundings.
It was a scroll of magic mapping.
As you read the scroll labelled HESOES GAOWETZ, it crumbles to dust.
It is a scroll of identify.
You don't have any unidentified items.
You hit the gnoll.
The gnoll is severely wounded.
The gnoll hits you with a +0 club.
* * * LOW HITPOINT WARNING * * *
You hit the gnoll but do no damage.
The gnoll is severely wounded.
The gnoll hits you with a +0 club.
You die...

********#.....# #.##
,,,,,,,,#.§#*** #.#
*,***,**#.## #.#
*,*,*,* #'## #.#
***,**###..## #.#
,,,,*##.....## ###.#
,,,*##.......## ##.#.#
,,**#.........####....#
,,,,+.........'g@.....#
,,**#.........####....#
,** ##.......## ##.#.#
,* ##.....## #...# ,***
##...## #.###
,*,****##+##** #.#
,*,**,,,,,,,,* #.#
,*,**,***,**,* #.#
,****,***,**,* *,*


You could see a gnoll.

Vanquished Creatures
  2 goblins (D:1)
  A hobgoblin (D:1)
  A kobold (D:1)
  A bat (D:1)
  A frilled lizard (D:1)
  2 rats (D:1)
8 creatures vanquished.

Vanquished Creatures (others)
  4 toadstools (D:1)
4 creatures vanquished.

Grand Total: 12 creatures vanquished

Notes
Turn   | Place    | Note
-------+----------+-------------------------------------------
     0 | D:1      | BingusPrime the Ghoul Warper began the quest for the Orb.
     0 | D:1      | Reached XP level 1. HP: 17/17 MP: 2/2
    95 | D:1      | Reached skill level 1 in Throwing
   448 | D:1      | Reached skill level 1 in Armour
   453 | D:1      | Reached XP level 2. HP: 25/25 MP: 3/3
   536 | D:1      | HP: 1/25 [gnoll/+0 club (3)]
   551 | D:1      | HP: 1/25 [gnoll/+0 club (1)]
   552 | D:1      | Slain by a gnoll

Illustrated notes

Levels and vault maps discovered:
D:1:      ldierk_walled_garden_2, layout_loops_corners, serial_aquarium,
          aquarium_bridge_long_separate [aquarium_subvault_bridge,
          aquarium_subvault_wall, aquarium_subvault_balcony,
          aquarium_subvault_wall, aquarium_subvault_bridge,
          aquarium_subvault_bridge], aquarium_bridge_straight
          [aquarium_subvault_bridge, aquarium_subvault_balcony,
          aquarium_subvault_bridge, aquarium_subvault_wall],
          aquarium_window_corner, aquarium_window_fake, aquarium_window_1,
          aquarium_view_2b, aquarium_view_2a

Skill      XL: |  1 |
---------------+----+-----
Throwing       | 1 |  1.0
Armour         | 1 |  1.0
Fighting       | |  2.3
Long Blades    | |  1.8
Dodging        | |  1.8
Spellcasting   | |  1.9
Translocations | |  2.7

Action                   || total
-------------------------++-------
Melee: Falchion          ||    28
  Use: Scroll            ||     3
       Potion            ||     2
Armor: Leather armour    ||     8
Dodge: Dodged            ||    12

Table legend: (Time is in decaauts)
 A = Elapsed time spent in this place.
 B = Non-inter-level travel time spent in this place.
 C = Inter-level travel time spent in this place.
 D = Time resting spent in this place.
 E = Time spent auto-exploring this place.
 F = Levels seen in this place.
 G = Mean time per level.
                   A        B        C        D        E       F      G
               +--------+--------+--------+--------+--------+-----+--------+
         Total |    557 |    557 |      0 |      0 |    483 |   1 |  557.0 |
       Dungeon |    557 |    557 |      0 |      0 |    483 |   1 |  557.0 |
               +--------+--------+--------+--------+--------+-----+--------+

Top non-repeatable levels by time:
     D:1: 557 daAuts
